 Dungeon Crawl Stone Soup version 0.18.1-50-g88ac8fd (webtiles) character file.

25 wzdd the Firebug (level 2, 0/20 HPs)
             Began as a Draconian Fire Elementalist on Sept 18, 2016.
             Slain by a giant cockroach (2 damage)
             ... on level 2 of the Dungeon.
             The game lasted 00:02:39 (1464 turns).

wzdd the Firebug (Draconian Fire Elementalist)      Turns: 1464, Time: 00:02:40

Health: 0/20       AC:  4    Str: 10    XL:     2   Next: 86%
Magic:  4/5        EV: 12    Int: 15    God:
Gold:   93         SH:  0    Dex: 13    Spells: 2 memorised, 2 levels left

rFire  . . .     SeeInvis .     n - +1 short sword
rCold  . . .     Gourm    .     (armour unavailable)
rNeg   . . .     Faith    .     (no shield)
rPois  .         Spirit   .     (helmet restricted)
rElec  .         Dismiss  .     (no cloak)
rCorr  .         Reflect  .     (no gloves)
SustAt .         Harm     .     (no boots)
MR     .....                    (no amulet)
Stlth  ++........               (no ring)
                                c - +2 ring of dexterity

@: very slightly contaminated, not resistant to hostile enchantments, unstealthy
A: unfitting armour, cold-blooded, AC +4
a: no special abilities


You were on level 2 of the Dungeon.
You were not hungry.

You visited 1 branch of the dungeon, and saw 2 of its levels.

You collected 93 gold pieces.

Inventory:

Hand Weapons
 f - a +0 dagger
 n - a +1 short sword (weapon)
Jewellery
 c - a +2 ring of dexterity (left hand)
Scrolls
 e - a scroll of identify
 i - 2 scrolls of remove curse
Potions
 d - 2 potions of ambrosia {unknown}
 h - a potion of brilliance {unknown}
 k - 2 potions of curing {unknown}
 l - a potion of lignification {unknown}
 m - 3 potions of heal wounds {unknown}
 o - a potion of invisibility {unknown}
 r - a potion of might {unknown}
Books
 a - a book of Flames

   Spells                             Type                      Level
   a - Flame Tongue                   Conjuration/Fire             1
   b - Throw Flame                    Conjuration/Fire             2
   c - Conjure Flame                  Conjuration/Fire             3
   d - Inner Flame                    Hexes/Fire                   3
   e - Sticky Flame                   Conjuration/Fire             4
   f - Fireball                       Conjuration/Fire             5
Comestibles
 b - a bread ration
 g - 2 meat rations
 p - 2 fruits
 q - a chunk of flesh


   Skills:
 + Level 0.2 Fighting
 + Level 2.2 Dodging
 + Level 1.7 Stealth
 * Level 2.2 Spellcasting
 + Level 1.1 Conjurations
 * Level 3.5 Fire Magic


You had 2 spell levels left.
You knew the following spells:

 Your Spells              Type           Power        Failure   Level  Hunger
a - Flame Tongue          Conj/Fire      #....        12%         1    #......
b - Throw Flame           Conj/Fire      #.....       14%         2    ###....


Dungeon Overview and Level Annotations

Branches:
Dungeon (2/15)

Altars:

Annotations:
D:2 Ijyb


Innate Abilities, Weirdness & Mutations

Your plain brown scales are hard (AC +4).
Your body does not fit into most forms of armour.
You are cold-blooded and may be slowed by cold attacks.


Message History

Okay, then.
Ijyb barely misses you. Ijyb hits you.
* * * LOW HITPOINT WARNING * * *
Ijyb completely misses you. Ijyb hits you but does no damage.
Ijyb hits you but does no damage.
You see here a club.
Ijyb misses you.
Ijyb screams, "Get away!"
Ijyb barely misses you. Ijyb misses you. Ijyb screams, "I no like you!"
Ijyb closely misses you.
Found a scroll labeled LODGHO MAOSAT.
A giant cockroach comes into view.
A rat comes into view.
Ijyb hits you.
* * * LOW HITPOINT WARNING * * *
The giant cockroach bites you.
You die...

..........#
..........#
......?...#
#.........#
#........r#
..........###..
...............
.......@.###
......s..g)#
##.......#r#
#########.##
#r.# .###...##
##r###.#
........##
#..##.. ### .
#.......#
##.##.# ..###
#.#.......#
#.##.#.....#


You could see Ijyb (inner flame), a quokka (inner flame), a giant cockroach and
a rat (sleeping).

Vanquished Creatures
  2 dart slugs
  A giant gecko (D:1)
  2 bats (D:1)
  A giant cockroach (D:2)
  4 goblins
  2 hobgoblins (D:1)
  A ball python (D:1)
  A giant newt (D:2)
  2 kobolds
  6 rats
22 creatures vanquished.

Notes
Turn   | Place    | Note
--------------------------------------------------------------
     0 | D:1      | wzdd the Draconian Fire Elementalist began the quest for the Orb.
     0 | D:1      | Reached XP level 1. HP: 14/14 MP: 3/3
   407 | D:1      | Reached XP level 2. HP: 20/20 MP: 0/5
   464 | D:1      | Learned a level 2 spell: Throw Flame
  1426 | D:2      | Noticed Ijyb
  1464 | D:2      | Slain by a giant cockroach

Skill      XL: |  1 |
---------------+----+-----
Dodging        | 2 |  2.2
Fighting       | |  0.2
Stealth        | |  1.7
Spellcasting   | |  2.2
Conjurations   | |  1.1
Fire Magic     | |  3.5

Action                   || total
-------------------------++-------
Melee: Unarmed           ||     3
       Short sword       ||    24
       Tailslap          ||     1
 Cast: Flame Tongue      ||    21
  Use: Scroll            ||     4
 Stab: Sleeping          ||     1
  Eat: Chunk             ||     2
Armor: Skin              ||    22
Dodge: Dodged            ||    43
